 Dungeon Crawl Stone Soup version 0.29.0-4-gdea44cf6ec (webtiles) character file.

Game seed: 412160540198238244

16186 DaveKP the Basher (level 12, -2/107 HPs)
             Began as a Minotaur Berserker on Aug 26, 2022.
             Was a High Priest of Trog.
             Succumbed to a cane toad's poison
             ... on level 2 of the Lair of Beasts.
             The game lasted 01:04:38 (11183 turns).

DaveKP the Basher (Minotaur Berserker)             Turns: 11183, Time: 01:04:39

Health: -2/107     AC: 27    Str: 25    XL:     12   Next: 7%
Magic:  3/3        EV:  6    Int:  4    God:    Trog [*****.]
Gold:   286        SH:  0    Dex: 12    Spells: 11/11 levels left

rFire   . . .      SeeInvis .   r - +1 great mace (antimagic)
rCold   + . .      Faith    +   (shield currently unavailable)
rNeg    . . .      Spirit   .   v - +0 crystal plate armour
rPois   .          Reflect  .   (helmet unavailable)
rElec   +          Harm     .   (no cloak)
rCorr   .          Rampage  .   (no gloves)
Will    ++...      Rnd*Tele +   A - +0 pair of boots
Stlth   ..........              j - amulet of faith
HPRegen 1.27/turn               x - ring of protection from cold
MPRegen 0.08/turn               (no ring)

@: lethally poisoned (-2 -> -12), strong-willed, on berserk cooldown,
regenerating, slowed, very slow
A: horns 3, retaliatory headbutt, iridescent scales 1, shaggy fur 1, electricity
resistance, teleportitis 1
a: Renounce Religion, Berserk, Trog's Hand, Brothers in Arms


You were on level 2 of the Lair of Beasts.
You worshipped Trog.
Trog was extremely pleased with you.
You visited 2 branches of the dungeon, and saw 10 of its levels.

You collected 597 gold pieces.
You spent 311 gold pieces at shops.

Inventory:

Hand Weapons
 b - a +3 dire flail of protection
 n - a +3 great sword
 r - a +1 antimagic great mace (weapon)
 C - a +4 morningstar of freezing
Missiles
 g - 9 poisoned darts
 B - 2 javelins (quivered)
Armour
 v - a +0 crystal plate armour (worn)
 A - a +0 pair of boots (worn)
Jewellery
 j - an amulet of faith (around neck)
 x - a ring of protection from cold (left hand)
Wands
 c - a wand of iceblast (10)
Scrolls
 d - a scroll of silence {unknown}
 e - 3 scrolls of poison
 f - a scroll of magic mapping
 h - a scroll of blinking {unknown}
 k - a scroll of immolation
 o - 3 scrolls of fear
 s - a scroll of summoning {unknown}
 t - 3 scrolls of fog
 w - a scroll of noise {unknown}
 y - a scroll of brand weapon {unknown}
Potions
 a - a potion of cancellation {unknown}
 i - 2 potions of attraction
 p - a potion of ambrosia {unknown}
 q - a potion of haste {unknown}
 u - a potion of lignification {unknown}
 z - 2 potions of degeneration {unknown}
Miscellaneous
 D - a lightning rod (1/4)
 E - a tin of tremorstones (2/2)


   Skills:
 * Level 10.3 Fighting
 - Level 6.6 Long Blades
 * Level 14.2 Maces & Flails
 + Level 5.0 Throwing
 * Level 13.5 Armour
 + Level 3.0 Dodging
 + Level 0.6 Stealth
 + Level 2.0 Evocations


You had 11 spell levels left.
You didn't know any spells.
Your spell library contained the following spells:

 Spells                   Type           Power      Damage    Failure   Level
 Magic Dart               Conj           0%         1d3       100%        1
 Ensorcelled Hibernation  Hex/Ice        0%         N/A       100%        2
 Passwall                 Tmut/Erth      0%         N/A       100%        2
 Searing Ray              Conj           0%         2d4       100%        2
 Swiftness                Air            0%         N/A       100%        3
 Fulminant Prism          Conj/Hex       0%         3d6       100%        4


Dungeon Overview and Level Annotations

Branches:
Dungeon (8/15)             Temple (0/1) D:7            Lair (2/5) D:8
  Snake (0/4) Lair:2
  Swamp: Lair:2-3    Shoals: Lair:2-3

Altars:
Gozag
Uskayaw
The Shining One

Shops:
D:6 !   D:7 *

Annotations:
D:3 3 runed translucent doors, Nebesus's ghost, amateur NaNe


Innate Abilities, Weirdness & Mutations

You have a pair of large horns on your head.
You reflexively headbutt those who attack you in melee.
You are partially covered in iridescent scales. (AC +2)
You are covered in fur. (AC +1)
You are resistant to electric shocks. (rElec)
You are occasionally teleported next to monsters.


Message History

You kill the bullfrog!
Trog accepts your kill.
You hit the cane toad. You headbutt the cane toad!
The cane toad is moderately wounded.
The cane toad stings you but does no damage. x2
Your skin crawls.
You feel strong-willed.
The cane toad stings you but does no damage. x2
You barely miss the cane toad. You headbutt the cane toad!
The cane toad is severely wounded.
The cane toad stings you.
* * * LOW HITPOINT WARNING * * *
You are poisoned.
The cane toad poisons you!
You hit the cane toad. Your headbutt misses the cane toad.
The cane toad is almost dead.
You feel very sick. The cane toad stings you!
* * * LOW HITPOINT WARNING * * *
You are more poisoned.
The cane toad poisons you!
The cane toad stings you but does no damage.
You feel better. The cane toad stings you.
* * * LOW HITPOINT WARNING * * *
You are lethally poisoned!
The cane toad poisons you! The cane toad barely misses you.
You feel better.
The cane toad stings you but does no damage.
The cane toad stings you!
* * * LOW HITPOINT WARNING * * *
You are lethally poisoned!
The cane toad poisons you!
Okay, then.
Okay, then.
Okay, then.
Okay, then.
Okay, then.
Your skin crawls.
You feel strong-willed.
You die...

... .. .. ... .
.F# ..##..#
....#
.......##.#..#
.........#...#
.........##..#
...>...#)##..##
.......#F#†...#
.......@.....##
.........†....#
.......####...#
..##..##.....##
. ............#
......
............##
^......
.............#
........
.............#
........
...........#


You could see a cane toad.

Vanquished Creatures
  A dire elephant (Lair:2)
  5 hydras
  A catoblepas (Lair:2)
  A two-headed ogre (D:7)
  3 black mambas
  3 cane toads
  3 komodo dragons (Lair:2)
  2 rime drakes (Lair:2)
  A merfolk (Lair:2)
  3 blink frogs (Lair:1)
  A basilisk (Lair:1)
  13 yaks (Lair:2)
  A wyvern (Lair:2)
  A steam dragon (D:7)
  3 wargs
  4 water moccasins
  2 orc warriors
  A sky beast (D:8)
  3 black bears
  3 ice beasts
  4 ogres
  9 wolves
  6 bullfrogs
  A necrophage (D:6)
  5 scorpions
  14 wights (D:6)
  3 electric eels (Lair:2)
  3 orc priests
  6 hounds
  A gnoll bouda (D:7)
  A jelly (D:5)
  4 iguanas
  6 hell rats (Lair:1)
  8 orc wizards
  8 gnolls
  4 adders
  A shadow imp (D:8)
  3 white imps
  2 ufetubi
  A worm (D:2)
  4 dart slugs
  15 orcs
  4 ball pythons
  4 bats
  3 endoplasms
  A giant cockroach (D:1)
  8 goblins
  5 hobgoblins
  4 jackals (D:3)
  4 quokkas
  8 frilled lizards
  8 kobolds
  4 rats
217 creatures vanquished.

Vanquished Creatures (others)
  14 fungi
  19 plants
  9 toadstools (Lair:2)
42 creatures vanquished.

Grand Total: 259 creatures vanquished

Notes
Turn   | Place    | Note
-------+----------+-------------------------------------------
     0 | D:1      | DaveKP the Minotaur Berserker began the quest for the Orb.
     0 | D:1      | Reached XP level 1. HP: 19/19 MP: 0/0
   297 | D:1      | Reached XP level 2. HP: 14/27 MP: 1/1
   547 | D:1      | Found a faded altar of an unknown god.
  1194 | D:2      | Reached ** piety under Trog
  1588 | D:2      | Reached XP level 3. HP: 33/33 MP: 2/2
  2472 | D:3      | Found a runed translucent gate.
  2474 | D:3      | Found a runed translucent gate.
  2475 | D:3      | Found a runed translucent gate.
  2478 | D:3      | Found an opulent altar of Gozag.
  2480 | D:3      | Noticed Nebesus's ghost (amateur NaNe)
  2482 | D:3      | Noticed a phantom
  2505 | D:3      | Reached XP level 4. HP: 41/41 MP: 3/3
  3068 | D:3      | Found a glowing golden altar of the Shining One.
  3149 | D:4      | Noticed an ogre
  3158 | D:4      | Killed an ogre
  3159 | D:4      | Reached skill level 5 in Long Blades
  3159 | D:4      | Reached skill level 1 in Throwing
  3159 | D:4      | Reached XP level 5. HP: 47/47 MP: 4/4
  3341 | D:4      | Reached *** piety under Trog
  3480 | D:4      | Noticed an ogre
  3490 | D:4      | Killed an ogre
  3491 | D:4      | Reached XP level 6. HP: 53/53 MP: 5/5
  4001 | D:5      | Entered Level 5 of the Dungeon
  4318 | D:5      | Noticed an orc warrior
  4335 | D:5      | Killed an orc warrior
  4336 | D:5      | Reached skill level 5 in Armour
  4336 | D:5      | Reached XP level 7. HP: 21/60 MP: 6/6
  4673 | D:5      | Reached skill level 1 in Maces & Flails
  4839 | D:5      | Reached skill level 5 in Fighting
  4839 | D:5      | Reached skill level 2 in Maces & Flails
  4940 | D:5      | Reached XP level 8. HP: 65/68 MP: 7/7
  5051 | D:5      | Reached skill level 3 in Maces & Flails
  5506 | D:6      | Found a hide-covered altar of Uskayaw.
  5567 | D:6      | Reached skill level 4 in Maces & Flails
  5572 | D:6      | HP: 3/64 [wight/+2 scimitar (8)]
  5579 | D:6      | Reached skill level 5 in Maces & Flails
  5826 | D:6      | Found Ekedaotz's Distillery.
  5835 | D:6      | Bought a potion of heal wounds for 55 gold pieces
  5835 | D:6      | Bought a potion of mutation for 88 gold pieces
  5835 | D:6      | Bought a potion of heal wounds for 55 gold pieces
  5835 | D:6      | Bought a potion of heal wounds for 55 gold pieces
  5835 | D:6      | Gained mutation: You are occasionally teleported next to
                  | monsters. [potion of mutation]
  5835 | D:6      | Gained mutation: Your natural rate of healing is unusually
                  | fast. [potion of mutation]
  5835 | D:6      | Gained mutation: You are partially covered in large bone
                  | plates. (SH +4) [potion of mutation]
  5836 | D:6      | Lost mutation: Your natural rate of healing is unusually
                  | fast. [potion of mutation]
  5836 | D:6      | Lost mutation: You are partially covered in large bone
                  | plates. (SH +4) [potion of mutation]
  5836 | D:6      | Gained mutation: You are partially covered in iridescent
                  | scales. (AC +2) [potion of mutation]
  5836 | D:6      | Gained mutation: You are covered in fur. (AC +1) [potion of
                  | mutation]
  5836 | D:6      | Gained mutation: You have hidden genetic potential. [potion
                  | of mutation]
  5904 | D:6      | Reached skill level 6 in Maces & Flails
  6347 | D:6      | Reached skill level 7 in Maces & Flails
  6347 | D:6      | Reached XP level 9. HP: 20/69 MP: 8/8
  6355 | D:6      | Reached **** piety under Trog
  6790 | D:7      | Found Hiato's Assorted Antiques.
  6873 | D:7      | Reached skill level 8 in Maces & Flails
  6914 | D:7      | Gained mutation: You have a pair of large horns on your
                  | head. [hidden potential]
  7251 | D:7      | Found a staircase to the Ecumenical Temple.
  7251 | D:7      | Noticed a two-headed ogre
  7257 | D:7      | Killed a two-headed ogre
  7258 | D:7      | Reached skill level 9 in Maces & Flails
  7555 | D:7      | Bought a scroll of identify for 58 gold pieces
  7824 | D:8      | Reached skill level 10 in Maces & Flails
  7938 | D:8      | Found a staircase to the Lair.
  7948 | D:8      | Reached XP level 10. HP: 84/84 MP: 9/9
  8056 | Lair:1   | Entered Level 1 of the Lair of Beasts
  8137 | Lair:1   | Noticed a cane toad
  8149 | Lair:1   | Killed a cane toad
  8159 | Lair:1   | Gained mutation: You are resistant to electric shocks.
                  | (rElec) [hidden potential]
  8159 | Lair:1   | Lost mutation: You have hidden genetic potential. [hidden
                  | potential expressed]
  8418 | Lair:1   | Reached skill level 11 in Maces & Flails
  8517 | Lair:1   | Noticed a black mamba
  8520 | Lair:1   | Killed a black mamba
  8521 | Lair:1   | Reached skill level 10 in Armour
  8642 | Lair:1   | Noticed a black mamba
  8656 | Lair:1   | Killed a black mamba
  8678 | Lair:1   | Noticed a seven-headed hydra
  8706 | Lair:1   | Killed a seven-headed hydra
  8707 | Lair:1   | Reached skill level 12 in Maces & Flails
  8752 | Lair:1   | Noticed a cane toad
  8760 | Lair:1   | Killed a cane toad
  9241 | Lair:1   | Reached XP level 11. HP: 88/95 MP: 10/10
  9556 | Lair:2   | Noticed a four-headed hydra
  9563 | Lair:2   | Killed a four-headed hydra
  9564 | Lair:2   | Reached skill level 1 in Evocations
  9576 | Lair:2   | Reached ***** piety under Trog
  9879 | Lair:2   | Noticed an eight-headed hydra
  9885 | Lair:2   | Killed an eight-headed hydra
  9886 | Lair:2   | Reached skill level 13 in Maces & Flails
  9992 | Lair:2   | Noticed a dire elephant
  9992 | Lair:2   | Noticed a catoblepas
 10016 | Lair:2   | Found a runed translucent door.
 10048 | Lair:2   | Received a gift from Trog
 10055 | Lair:2   | Killed a dire elephant
 10316 | Lair:2   | Killed a catoblepas
 10317 | Lair:2   | Reached skill level 5 in Throwing
 10605 | Lair:2   | Noticed an eight-headed hydra
 10615 | Lair:2   | Killed an eight-headed hydra
 10859 | Lair:2   | Found a staircase to the Snake Pit.
 10911 | Lair:2   | Reached skill level 10 in Fighting
 11140 | Lair:2   | Noticed an eight-headed hydra
 11145 | Lair:2   | Reached skill level 14 in Maces & Flails
 11150 | Lair:2   | Killed an eight-headed hydra
 11151 | Lair:2   | Reached XP level 12. HP: 59/106 MP: 3/11
 11180 | Lair:2   | HP: 3/107 [cane toad (12)]
 11183 | Lair:2   | Succumbed to a cane toad's poison

Illustrated notes

Levels and vault maps discovered:
D:1:      amcnicky_arrival_abandoned_market, layout_basic,
          dreamdust_ecumenical_altar_angels_and_demons
D:2:      minmay_spotlight, layout_basic, minmay_pentomino_s2
D:3:      layout_basic, tso_oasis_becter, ebering_ghost_gozag
D:4:      layout_cave_pools, serial_co_window_serial, co_window_corner_a,
          co_window_corner_a, co_window_paths_a, co_window_paths_b,
          co_window_paths_a, co_window_corner_ca, co_window_2corner,
          co_window_of_opportunity_c, co_window_unsneaky_path_c,
          co_window_2corner, glass_columns_b, glass_columns_b, glass_columns_b,
          glass_columns_a, glass_columns_a
D:5:      layout_loops_ring
D:6:      layout_basic, mainiacjoe_overflow_concentric_impassable, serial_shops,
          nicolae_lakefront_shop
D:7:      layout_loops_cross, temple_hall, serial_shops, nicolae_stop_n_shop_2
D:8:      layout_rooms, erik_lair_orcish_takeover, kennysheep_crisscross
Lair:1:   beast_lair_carwin_large_4, layout_regular_city, serial_bayou_shore_a
Lair:2:   gammafunk_lair_enchanted_lake, layout_regular_city,
          elwin_shoals_entry_stream, dummy_snake_entry, st_stairs_5,
          nicolae_quartered_pool_impasse

Skill      XL: |  1  2  3  4  5  6  7  8  9 10 11 |
---------------+----------------------------------+-----
Long Blades    | 4 5 6 |  6.6
Fighting       | 4 5 6 8 10 | 10.3
Armour         | 3 4 5 6 7 9 11 13 | 13.5
Throwing       | 1 2 3 4 5 |  5.0
Maces & Flails | 2 7 10 12 14 | 14.2
Evocations     | 2 |  2.0
Dodging        | 3 |  3.0
Stealth        | |  0.6

Action                   |  1- 3 |  4- 6 |  7- 9 | 10-12 || total
-------------------------+-------+-------+-------+-------++-------
Melee: Falchion          |   104 |    59 |     5 |       ||   168
       Headbutt          |     9 |    12 |    30 |    31 ||    82
       Dire flail        |       |       |    55 |       ||    55
       Morningstar       |       |       |   125 |   140 ||   265
       Punch             |       |       |     2 |       ||     2
       Great mace        |       |       |       |    64 ||    64
Throw: Boomerang         |    20 |    13 |       |       ||    33
       Javelin           |       |     6 |       |     2 ||     8
       Dart              |       |     1 |     1 |       ||     2
       Stone             |       |       |     4 |    14 ||    18
Invok: Berserk           |     1 |     2 |     6 |     7 ||    16
       Trog's Hand       |       |       |     1 |     3 ||     4
Evoke: Wand              |       |     2 |       |    19 ||    21
       Lightning rod     |       |       |       |     5 ||     5
  Use: Scroll            |     4 |     1 |     9 |       ||    14
       Potion            |       |       |     5 |     7 ||    12
Armor: Animal skin       |    13 |       |       |       ||    13
       Plate armour      |    34 |    26 |   134 |    87 ||   281
       Crystal plate arm |       |       |       |    86 ||    86
Dodge: Dodged            |    63 |    22 |    61 |    98 ||   244
